 Dungeon Crawl Stone Soup version 0.31-a0-1009-g454b1f1e0a (webtiles) character file.

Game seed: 4479660112427322397

58738 tilp the Covert (level 14, -4/169 HPs)
             Began as a Vampire Enchanter on Nov 13, 2023.
             Was a High Priest of Wu Jian.
             Slain by a six-headed hydra (8 damage)
             ... on level 5 of the Lair of Beasts.
             The game lasted 00:23:42 (14809 turns).

tilp the Covert (Vampire Enchanter)                Turns: 14809, Time: 00:23:42

Health: -4/169     AC: 15    Str:  7    XL:     14   Next: 50%
Magic:  6/26       EV: 18    Int: 26    God:    Wu Jian [*****.]
Gold:   447        SH:  0    Dex: 19    Spells: 18/29 levels left

rFire   . . .        a - +9 dagger of Xom's Pride {flame, Int+4 Dex+4}
rCold   . . .        (no shield)
rNeg    . . .        D - +0 steam dragon scales
rPois   .            g - +2 hat
rElec   .            E - +1 cloak
rCorr   .            L - +0 pair of gloves
SInv    +            q - +2 pair of boots
Will    ++...        t - amulet of regeneration Stlth
                     s - ring of willpower
HPRegen 1.48/turn    R - +4 ring of slaying
MPRegen 0.20/turn

%: no passive effects
@: berserking, healing quickly, studying Axes, very quick
A: alive, fangs 3, see invisible, vampiric 2
a: Exsanguinate, Renounce Religion, Wall Jump, Serpent's Lash, Heavenly Storm


You were on level 5 of the Lair of Beasts.
You worshipped Wu Jian.
Wu Jian was extremely pleased with you.
You visited 3 branches of the dungeon, and saw 17 of its levels.

You collected 1037 gold pieces.
You spent 590 gold pieces at shops.

Inventory:

Hand Weapons
 a - the +9 dagger of Xom's Pride (weapon) {flame, Int+4 Dex+4}
   (You found it on level 10 of the Dungeon)

   Int+4:     It affects your intelligence (+4).
   Dex+4:     It affects your dexterity (+4).
 b - the +9 dagger "Jisoghyner" {freeze, *Rage rElec rC+ Str+3}
   (You took it off a goblin on level 2 of the Dungeon)

   Str+3:     It affects your strength (+3).
   rC+:       It protects you from cold.
   rElec:     It insulates you from electricity.
   *Rage:     It berserks you when you make melee attacks (+20% chance).
 o - a +2 dagger
 G - a +2 dagger of venom
 M - the +4 rapier "Zewkog" {heavy, rPois SInv Stlth+}
   (You found it on level 2 of the Dungeon)

   rPois:     It protects you from poison SInv: It lets you see invisible.
   Stlth+:    It makes you more stealthy.
Missiles
 k - 8 datura-tipped darts
 l - 37 poisoned darts (quivered)
 u - 7 boomerangs
 y - 3 throwing nets
 F - 10 curare-tipped darts
Armour
 g - a +2 hat (worn)
 q - a +2 pair of boots (worn)
 D - +0 steam dragon scales (worn)
 E - a +1 cloak (worn)
 L - a +0 pair of gloves (worn)
 Z - a +1 ring mail of fire resistance
Magical Staves
 I - a staff of fire
 Q - a staff of air
Jewellery
 s - a ring of willpower (left hand)
 t - an amulet of regeneration (around neck)
 R - a +4 ring of slaying (right hand)
 U - a +6 ring of dexterity
Wands
 C - a wand of mindburst (6)
 K - a wand of roots (10)
 P - a wand of flame (18)
 X - a wand of polymorph (5)
Scrolls
 d - 6 scrolls of enchant weapon
 e - 2 scrolls of noise
 h - 10 scrolls of teleportation
 m - 2 scrolls of fog
 p - 3 scrolls of poison
 B - 3 scrolls of immolation
 H - a scroll of blinking
 J - 4 scrolls of identify
 S - a scroll of revelation
 T - a scroll of vulnerability
 W - 3 scrolls of fear
Potions
 c - 2 potions of invisibility
 f - 2 potions of magic
 i - 4 potions of haste
 j - 2 potions of might
 n - 3 potions of brilliance
 r - 5 potions of curing
 v - 3 potions of ambrosia
 w - 3 potions of attraction
 x - 3 potions of lignification
 A - a potion of resistance
 N - 2 potions of mutation
Miscellaneous
 Y - a condenser vane (inert)


   Skills:
 * Level 11.6 Fighting
 - Level 10.0 Short Blades
 + Level 5.6 Armour
 + Level 9.5 Dodging
 + Level 14.4 Stealth
 + Level 8.2 Spellcasting
 - Level 2.0 Conjurations
 - Level 12.0 Hexes
 - Level 4.0 Ice Magic
 * Level 7.2 Evocations


You had 18 spell levels left.
You knew the following spells:

 Your Spells              Type           Power      Damage    Failure   Level
a - Ensorcelled Hibernat  Hex/Ice        100%       N/A       1%          2
b - Confusing Touch       Hex            64%        N/A       1%          3
c - Tukima's Dance        Hex            64%        N/A       1%          3
d - Dazzling Flash        Conj/Hex       94%        N/A       1%          3

Your spell library contained the following spells:

 Spells                   Type           Power      Damage    Failure   Level
 Freeze                   Ice            100%       1d10      1%          1
 Slow                     Hex            100%       N/A       1%          1
 Sigil of Binding         Hex            64%        N/A       1%          3
 Kiss of Death            Conj/Necr      60%        2d10      3%          1
 Shock                    Conj/Air       60%        1d6       3%          1
 Frozen Ramparts          Ice            62%        1d10      3%          3
 Hailstorm                Conj/Ice       26%        3d7       4%          3
 Metabolic Englaciation   Hex/Ice        25%        N/A       6%          5
 Sublimation of Blood     Necr           10%        N/A       9%          2
 Wereblood                Tmut           10%        N/A       9%          2
 Stone Arrow              Conj/Erth      30%        3d8       11%         3
 Swiftness                Air            10%        N/A       17%         3
 Vampiric Draining        Necr           10%        2d6       17%         3
 Airstrike                Air            5%         2d(1-17)  50%         4
 Animate Armour           Summ/Erth      20%        N/A       50%         4
 Dispel Undead            Necr           10%        3d9       50%         4
 Petrify                  Tmut/Erth      10%        N/A       50%         4
 Summon Hydra             Summ           5%         N/A       100%        7
 Lehudib's Crystal Spear  Conj/Erth      7%         10d3      100%        8


Dungeon Overview and Level Annotations

Branches:
Dungeon (11/15)            Temple (1/1) D:5            Lair (5/5) D:11
 Shoals (0/4) Lair:3       Spider (0/4) Lair:3
  Slime: Lair:4-5       Orc: D:9-12

Altars:
Ashenzari
Cheibriados
Dithmenos
Fedhas
Gozag
Hepliaklqana
Kikubaaqudgha
Makhleb
Nemelex Xobeh
Okawaru
Qazlal
Ru
Sif Muna
Trog
Uskayaw
Vehumet
Wu Jian
Xom
Yredelemnul

Shops:
D:3 !

Annotations:
Lair:3 3 runed translucent doors, Eqamn's ghost, journeyman DrCj


Innate Abilities, Weirdness & Mutations

Your natural rate of healing is accelerated.
You have razor-sharp teeth.
You have supernaturally acute eyesight. (SInv)
You are afflicted with vampirism and can become a bat while bloodless.


Message History

The six-headed hydra completely misses you.
The six-headed hydra bites you but does no damage.
The six-headed hydra misses you. The six-headed hydra bites you!
* * * LOW HITPOINT WARNING * * *
The six-headed hydra bites you!
* * * LOW HITPOINT WARNING * * *
The six-headed hydra bites you!
* * * LOW HITPOINT WARNING * * *
Unknown command.
You feel much better.
The six-headed hydra bites you but does no damage.
The six-headed hydra bites you!
* * * LOW HITPOINT WARNING * * *
The six-headed hydra misses you.
The six-headed hydra bites you but does no damage.
The six-headed hydra barely misses you. The six-headed hydra misses you.
A red film seems to cover your vision as you go berserk!
You feel yourself moving faster!
You feel mighty! The six-headed hydra bites you.
* * * LOW HITPOINT WARNING * * *
The six-headed hydra completely misses you.
The six-headed hydra bites you.
* * * LOW HITPOINT WARNING * * *
The six-headed hydra closely misses you.
The six-headed hydra bites you but does no damage. x2
You puncture the six-headed hydra! You burn the six-headed hydra.
You bite the six-headed hydra!
The six-headed hydra is moderately wounded.
You puncture the six-headed hydra! You burn the six-headed hydra.
The six-headed hydra is severely wounded.
You hit the six-headed hydra. You burn the six-headed hydra.
The six-headed hydra is severely wounded.
The six-headed hydra bites you!
* * * LOW HITPOINT WARNING * * *
The six-headed hydra misses you. The six-headed hydra bites you!
* * * LOW HITPOINT WARNING * * *
The six-headed hydra bites you but does no damage.
The six-headed hydra completely misses you.
The six-headed hydra bites you!
You die...

~~......# #...##.......#
~.......### #.#.........#
~.~.......###......##....
#....##..#..#..÷...#
.~P@F..#††#..............
.....####....#..÷8...8...
###. ##.'..#.....<.....
.. #D##..#...8...8... ..
#@#.............[. .
####...#..#.......
###.)..###.#...
#............
#####......## #....###
#....## ##..)..# #.8.<.8#


You could see a six-headed hydra.

Vanquished Creatures
  Rupert (Lair:5)
  Nessos (Lair:4)
  6 hydras
  3 two-headed ogres
  2 boulder beetles
  Sonja (D:10)
  5 skeletal warriors (D:11)
  2 skysharks
  A goliath frog (Lair:5)
  A wolf spider (Lair:3)
  An ugly thing (D:11)
  A manticore (Lair:3)
  12 elephants
  2 black mambas
  Joseph (Lair:1)
  Maurice (D:10)
  A gargoyle (D:10)
  11 cane toads
  Maggie (D:5)
  4 rime drakes
  Jeremiah (Lair:1)
  A kobold demonologist (D:9)
  3 komodo dragons
  2 trolls
  A tarantella (Lair:3)
  A hornet (D:9)
  A tyrant leech (Lair:5)
  A wind drake (Lair:3)
  20 blink frogs
  2 wyverns (D:7)
  Grum (Lair:1)
  56 yaks
  6 vampire mosquitoes
  A basilisk (Lair:2)
  Menkaure (D:6)
  14 water moccasins
  2 ice beasts (D:7)
  2 sky beasts
  3 black bears (D:11)
  14 wolves
  7 centaurs
  6 kobold brigands
  A phantom (D:5)
  13 bullfrogs
  3 scorpions
  A gnoll sergeant (D:5)
  8 wights
  10 killer bees
  2 howler monkeys
  2 hounds
  4 orc priests
  4 jellies
  2 gnoll boudas
  2 iguanas
  3 sleepcaps
  3 orc wizards
  11 adders
  14 gnolls
  A shadow imp (D:5)
  2 ufetubi (D:6)
  3 worms
  2 dart slugs
  10 orcs
  9 endoplasms
  3 giant cockroaches (D:2)
  6 goblins
  9 hobgoblins
  A jackal (D:4)
  20 kobolds
  5 quokkas
  9 ball pythons
  6 bats
  A frilled lizard (D:1)
  10 rats
384 creatures vanquished.

Vanquished Creatures (collateral kills)
  2 wights
2 creatures vanquished.

Grand Total: 386 creatures vanquished

Notes
Turn   | Place    | Note
-------+----------+-------------------------------------------
     0 | D:1      | tilp the Vampire Enchanter began the quest for the Orb.
     0 | D:1      | Reached XP level 1. HP: 13/13 MP: 3/3
   170 | D:1      | Reached XP level 2. HP: 6/20 MP: 5/5
   480 | D:1      | Reached skill level 1 in Fighting
   523 | D:1      | Gained mutation: You are afflicted with vampirism and can
                  | become a bat while bloodless. [Vampire growth]
   523 | D:1      | Reached XP level 3. HP: 13/26 MP: 6/6
   526 | D:1      | Learned a level 2 spell: Ensorcelled Hibernation
   530 | D:1      | Learned a level 3 spell: Confusing Touch
   765 | D:2      | Identified the +4 rapier "Zewkog" {heavy, rPois SInv
                  | Stlth+}
   866 | D:2      | Reached XP level 4. HP: 22/33 MP: 7/7
  1077 | D:2      | Identified the +9 dagger "Jisoghyner" {freeze, *Rage rElec
                  | rC+ Str+3}
  1088 | D:2      | Reached skill level 5 in Stealth
  1322 | D:2      | Reached skill level 5 in Hexes
  1608 | D:3      | Reached XP level 5. HP: 38/38 MP: 8/8
  1999 | D:3      | Found Banilukh's Distillery.
  2005 | D:3      | Bought a potion of heal wounds for 50 gold pieces
  2005 | D:3      | Bought a potion of curing for 30 gold pieces
  2005 | D:3      | Bought a potion of degeneration for 10 gold pieces
  3108 | D:4      | Found an iron altar of Okawaru.
  3298 | D:5      | Entered Level 5 of the Dungeon
  3364 | D:5      | Found a staircase to the Ecumenical Temple.
  3404 | D:5      | Reached XP level 6. HP: 46/46 MP: 8/10
  3473 | Temple   | Entered the Ecumenical Temple
  3484 | Temple   | Learned a level 3 spell: Tukima's Dance
  3494 | Temple   | Became a worshipper of the Wu Jian Council
  3536 | D:5      | Reached skill level 6 in Stealth
  3536 | D:5      | Reached XP level 7. HP: 52/52 MP: 11/11
  3734 | D:5      | Found a shadowy altar of Dithmenos.
  3734 | D:5      | Found a broken altar of Ashenzari.
  3956 | D:5      | Found a sacrificial altar of Ru.
  4067 | D:6      | Noticed Maggie
  4091 | D:5      | Killed Maggie
  4092 | D:5      | Reached skill level 5 in Short Blades
  4092 | D:5      | Reached skill level 7 in Stealth
  4092 | D:5      | Reached XP level 8. HP: 48/60 MP: 1/13
  4225 | D:6      | Reached * piety under Wu Jian
  4401 | D:6      | Noticed Menkaure
  4405 | D:6      | Killed Menkaure
  4580 | D:6      | Reached skill level 5 in Fighting
  4812 | D:7      | Reached skill level 8 in Stealth
  4858 | D:7      | Reached XP level 9. HP: 58/68 MP: 12/15
  4862 | D:7      | Learned a level 3 spell: Dazzling Flash
  4931 | D:7      | Found a stormy altar of Qazlal.
  5208 | D:7      | Found a hide-covered altar of Uskayaw.
  5208 | D:7      | Found a snail-covered altar of Cheibriados.
  5209 | D:7      | Found a shimmering blue altar of Sif Muna.
  5276 | D:7      | Found a basalt altar of Yredelemnul.
  5462 | D:8      | Found a radiant altar of Vehumet.
  5576 | D:8      | Noticed a two-headed ogre
  5585 | D:8      | Killed a two-headed ogre
  5586 | D:8      | Reached skill level 9 in Stealth
  5586 | D:8      | Reached skill level 1 in Evocations
  5722 | D:8      | Reached skill level 5 in Spellcasting
  6300 | D:9      | Found an ancient bone altar of Kikubaaqudgha.
  6403 | D:9      | Reached ** piety under Wu Jian
  6408 | D:9      | Reached XP level 10. HP: 76/76 MP: 17/17
  6454 | D:9      | Reached skill level 10 in Stealth
  6520 | D:9      | Reached skill level 10 in Short Blades
  6853 | D:9      | Reached skill level 1 in Conjurations
  7006 | D:9      | Found an ancient bone altar of Kikubaaqudgha.
  7291 | D:10     | Entered Level 10 of the Dungeon
  7336 | D:10     | Reached skill level 1 in Ice Magic
  7344 | D:10     | Reached skill level 1 in Armour
  7451 | D:10     | Identified the +9 dagger of Xom's Pride {flame, Int+4
                  | Dex+4}
  7609 | D:10     | Noticed a gargoyle
  7620 | D:10     | Killed a gargoyle
  7664 | D:10     | Noticed Sonja
  7670 | D:10     | Killed Sonja
  7835 | D:10     | Noticed Maurice
  7841 | D:10     | Killed Maurice
  8023 | D:10     | Reached XP level 11. HP: 80/81 MP: 4/19
  8444 | D:11     | Noticed a skeletal warrior
  8504 | D:11     | Noticed a two-headed ogre
  8513 | D:11     | Killed a two-headed ogre
  8514 | D:11     | Reached skill level 5 in Dodging
  8528 | D:11     | Reached *** piety under Wu Jian
  8714 | D:11     | Reached skill level 11 in Stealth
  8846 | D:11     | Noticed a boulder beetle
  8857 | D:11     | Killed a boulder beetle
  8858 | D:11     | Noticed a green ugly thing
  8920 | D:11     | Killed a green ugly thing
  9002 | D:11     | Noticed a two-headed ogre
  9017 | D:11     | Killed a two-headed ogre
  9023 | D:11     | Found a staircase to the Lair.
  9131 | D:11     | Noticed a skeletal warrior
  9184 | D:11     | Killed a skeletal warrior
  9483 | D:11     | Noticed a skeletal warrior
  9483 | D:11     | Noticed a skeletal warrior
  9483 | D:11     | Noticed a skeletal warrior
  9504 | D:11     | Killed a skeletal warrior
  9584 | D:11     | Killed a skeletal warrior
  9673 | D:11     | Killed a skeletal warrior
  9674 | D:11     | Reached skill level 12 in Stealth
  9674 | D:11     | Reached skill level 10 in Hexes
  9683 | D:11     | Killed a skeletal warrior
  9684 | D:11     | Reached XP level 12. HP: 33/94 MP: 16/21
 10053 | D:3      | Bought a potion of experience for 500 gold pieces
 10053 | D:3      | Reached XP level 13. HP: 101/101 MP: 21/23
 10191 | Lair:1   | Entered Level 1 of the Lair of Beasts
 10191 | Lair:1   | Noticed Joseph
 10195 | Lair:1   | Killed Joseph
 10274 | Lair:1   | Identified the +3 rapier of Watchfulness {heavy, Fragile
                  | rF++ Str+7}
 10278 | Lair:1   | Reached **** piety under Wu Jian
 10389 | Lair:1   | Noticed Jeremiah
 10390 | Lair:1   | Reached skill level 10 in Fighting
 10404 | Lair:1   | Killed Jeremiah
 10643 | Lair:1   | Noticed Grum
 10833 | Lair:1   | Killed Grum
 10884 | Lair:1   | Reached skill level 13 in Stealth
 11449 | Lair:2   | Reached skill level 5 in Evocations
 11749 | Lair:2   | Identified the +8 falchion "Oduott" {flame, rElec rF+}
 12345 | Lair:3   | Noticed Eqamn's ghost (journeyman DrCj)
 12345 | Lair:3   | Found a runed translucent gate.
 12345 | Lair:3   | Found a runed translucent gate.
 12345 | Lair:3   | Found a runed translucent gate.
 12361 | Lair:3   | Reached ***** piety under Wu Jian
 12635 | Lair:3   | Found a hole to the Spider Nest.
 12791 | Lair:3   | Reached skill level 5 in Armour
 12802 | Lair:3   | Reached XP level 14. HP: 106/111 MP: 25/25
 12821 | Lair:3   | Found a staircase to the Shoals.
 13468 | Lair:4   | Found a radiant altar of Vehumet.
 13533 | Lair:4   | Reached skill level 14 in Stealth
 13725 | Lair:4   | Noticed Nessos
 13731 | Lair:4   | Killed Nessos
 14042 | Lair:5   | Entered Level 5 of the Lair of Beasts
 14595 | Lair:5   | Noticed Rupert
 14680 | Lair:5   | Killed Rupert
 14804 | Lair:5   | HP: 5/113 [six-headed hydra (8)]
 14809 | Lair:5   | HP: 4/169 [six-headed hydra (9)]
 14809 | Lair:5   | Slain by a six-headed hydra

Illustrated notes

Levels and vault maps discovered:
D:1:      saegor_arrival_simple_a, layout_loops_cross, minmay_tetromino_o4
D:2:      layout_basic, basic_altar, minmay_joined_circles
D:3:      layout_basic, serial_shops, shop
D:4:      layout_basic, hellmonk_okawaru_the_only_friend_you_need,
          hangedman_abyss_or_decor_stagger, kennysheep_generic_room_7
D:5:      layout_basic, nicolae_ru_awakened_eye, gammafunk_temple_overflow_claw,
          minmay_temple_entry_mist
D:6:      layout_loops_ring, uniq_maggie, uniq_menkaure
D:7:      layout_rooms, kennysheep_little_box, nicolae_qazlal_beasts_of_the_sky,
          nicolae_overflow_quartered_altars
D:8:      layout_basic, mainiacjoe_overflow_surrounded_room,
          nicolae_figureground_pulse
D:9:      layout_gridville, kiku_gazebo_pond_becter
D:10:     layout_stronghold, nicolae_concentric_dashed_squares_mild,
          chequers_arboretum, uniq_maurice, uniq_sonja
D:11:     layout_long_grid, due_lair_maze_entry_diamond
Temple:   nicolae_temple_figure_zero
Lair:1:   layout_big_grid, grunt_forest_stairs_basic, uniq_joseph, uniq_grum,
          uniq_jeremiah
Lair:2:   layout_chaotic_city, lemuel_fruit_tree, grunt_megastairs_5
Lair:3:   layout_cave_shapes, minmay_shoals_entry_beasts,
          spider_nest_entry_rubble, ebering_ghost_rock_garden
Lair:4:   layout_long_grid, basic_altar, serial_bayou_shore_a, uniq_nessos
Lair:5:   minmay_lair_end_frog_pond, layout_layer_cave,
          minmay_slime_entry_jelly_boxes, infiniplex_staircase_pool_2,
          grunt_megastairs_2, uniq_rupert

Skill      XL: |  1  2  3  4  5  6  7  8  9 10 11 12 13 14 |
---------------+-------------------------------------------+-----
Fighting       | 1 2 3 4 5 6 8 9 10 11 | 11.6
Short Blades   | 2 3 4 5 6 9 10 | 10.0
Stealth        | 5 6 7 8 9 10 12 13 14 | 14.4
Hexes          | 5 6 7 8 10 11 12 | 12.0
Dodging        | 3 4 6 7 8 9 |  9.5
Spellcasting   | 3 4 5 6 7 8 |  8.2
Evocations     | 2 4 6 7 |  7.2
Conjurations   | 2 |  2.0
Ice Magic      | 2 4 |  4.0
Armour         | 1 3 5 |  5.6

Action                     |  1- 3 |  4- 6 |  7- 9 | 10-12 | 13-15 || total
---------------------------+-------+-------+-------+-------+-------++-------
  Melee: Dagger            |    99 |    92 |   172 |   326 |   381 ||  1070
         Bite              |     6 |     8 |    13 |    35 |    48 ||   110
         Rapier            |    14 |    19 |       |       |       ||    33
         Punch             |       |       |     1 |     4 |     9 ||    14
  Throw: Stone             |       |     1 |       |       |       ||     1
   Cast: Ensorcelled Hiber |       |     4 |     2 |    25 |   156 ||   187
         Tukima's Dance    |       |       |     5 |    10 |     2 ||    17
         Dazzling Flash    |       |       |       |     7 |    17 ||    24
         Confusing Touch   |       |       |       |     8 |     7 ||    15
Ability: Lunge             |       |     1 |    15 |    22 |    32 ||    70
         Whirlwind         |       |       |       |    13 |    27 ||    40
  Evoke: Wand              |       |       |       |       |     2 ||     2
         Condenser vane    |       |       |       |       |     1 ||     1
    Use: Potion            |     1 |       |       |     3 |     3 ||     7
         Scroll            |     5 |    12 |     5 |     3 |     2 ||    27
   Stab: Sleeping          |     2 |     8 |     8 |    17 |    93 ||   128
         Invisible         |     2 |       |       |     4 |    22 ||    28
         Distracted        |       |       |     2 |       |       ||     2
         Confused          |       |       |       |     9 |     6 ||    15
 Armour: Robe              |    62 |    41 |    14 |       |       ||   117
         Steam dragon scal |       |       |    45 |   192 |   312 ||   549
  Dodge: Dodged            |    95 |    60 |    69 |   234 |   396 ||   854

Table legend: (Time is in decaauts)
 A = Elapsed time spent in this place.
 B = Non-inter-level travel time spent in this place.
 C = Inter-level travel time spent in this place.
 D = Time resting spent in this place.
 E = Time spent auto-exploring this place.
 F = Levels seen in this place.
 G = Mean time per level.
                   A        B        C        D        E       F      G
               +--------+--------+--------+--------+--------+-----+--------+
         Total |  14849 |  14113 |    736 |   1892 |   9815 |  17 |  873.5 |
       Dungeon |  10324 |   9710 |    614 |   1412 |   6715 |  11 |  938.5 |
        Temple |     30 |     11 |     19 |      0 |      0 |   1 |   30.0 |
          Lair |   4493 |   4390 |    103 |    480 |   3100 |   5 |  898.6 |
               +--------+--------+--------+--------+--------+-----+--------+

Top non-repeatable levels by time:
    D:11: 1384 daAuts
    D:10: 1222 daAuts
     D:3: 1174 daAuts
     D:9: 1089 daAuts
  Lair:2: 1088 daAuts
  Lair:4: 1075 daAuts
  Lair:1: 979 daAuts
     D:2: 929 daAuts
     D:5: 924 daAuts
     D:8: 909 daAuts
  Lair:3: 748 daAuts
     D:6: 701 daAuts
     D:1: 683 daAuts
     D:4: 659 daAuts
     D:7: 647 daAuts
